| TOP OF THE 1ST |
|
Reading Fightin Phils batting - Pitching for Tennessee Smokies : RHP Bogdan Sdobnyakov
|
|
Pitching: RHP Bogdan Sdobnyakov
|
|
|
Batting: RHB Tony Perez
|
0-0: Ball 1-0: Foul Ball, location: 2F 1-1: Swinging Strike 1-2: Strikes out swinging
|
|
Batting: RHB Chris Myers
|
0-0: Ball 1-0: Foul Ball, location: 2F 1-1: Swinging Strike 1-2: Strikes out swinging
|
|
Batting: RHB Alan Weller
|
0-0: Foul Ball, location: 2F 0-1: Swinging Strike 0-2: Ball 1-2: Foul Ball, location: 2F 1-2: Foul Ball, location: 2F 1-2: DOUBLE (Flyball, 78XD, EV 105.0 MPH)
|
|
Batting: RHB Guan-pei Gao
|
0-0: Called Strike 0-1: Swinging Strike 0-2: Foul Ball, location: 2F 0-2: Foul Ball, location: 2F 0-2: Foul Ball, location: 2F 0-2: Ball 1-2: Strikes out swinging
|
| Top of the 1st over - 0 runs, 1 hit, 0 errors, 1 left on base; Reading 0 - Tennessee 0 |
| BOTTOM OF THE 1ST |
|
Tennessee Smokies batting - Pitching for Reading Fightin Phils : LHP Shirou Yoshida
|
|
Pitching: LHP Shirou Yoshida
|
|
|
Batting: RHB Eric Wiss
|
0-0: Ball 1-0: Foul Ball, location: 2F 1-1: SINGLE (Flyball, 6D, EV 85.6 MPH)
|
|
Batting: RHB Armando Vilano
|
0-0: Ball Eric Wiss is caught stealing 2nd base 2-4 1-0: Ball 2-0: Reached on error, E6 (Groundball, 6, EV 88.8 MPH)
|
|
Batting: RHB Brad Santanello
|
0-0: Called Strike 0-1: Swinging Strike 0-2: Hit by Pitch Armando Vilano to second
|
|
Batting: RHB David Barnard
|
0-0: Ball 1-0: Ball 2-0: Fielders Choice at 2nd, 4-6 (Groundball, 4D, EV 90.0 MPH) Armando Vilano to third
|
|
Batting: RHB Sam Sours
|
0-0: Ball 1-0: Ball 2-0: Ball 3-0: Base on Balls David Barnard to second
|
|
Batting: LHB Angel Oropeza
|
0-0: Ball 1-0: Ground out 4-3 (Groundball, 4, EV 106.2 MPH)
|
| Bottom of the 1st over - 0 runs, 1 hit, 1 error, 3 left on base; Reading 0 - Tennessee 0 |
| TOP OF THE 2ND |
|
Reading Fightin Phils batting - Pitching for Tennessee Smokies : RHP Bogdan Sdobnyakov
|
|
Batting: RHB Pablo Lopez
|
0-0: Ball 1-0: Ball 2-0: Ground out 5-3 (Groundball, 56, EV 88.1 MPH)
|
|
Batting: LHB Alex Fernandez
|
0-0: Ball 1-0: Ball 2-0: Swinging Strike 2-1: Ball 3-1: Fly out, F7 (Flyball, 7S, EV 85.6 MPH)
|
|
Batting: RHB Jose Corral
|
0-0: Ball 1-0: Swinging Strike 1-1: Ball 2-1: Foul Ball, location: 2F 2-2: Ground out U3 (Groundball, 34S, EV 81.9 MPH)
|
| Top of the 2nd over - 0 runs, 0 hits, 0 errors, 0 left on base; Reading 0 - Tennessee 0 |
| BOTTOM OF THE 2ND |
|
Tennessee Smokies batting - Pitching for Reading Fightin Phils : LHP Shirou Yoshida
|
|
Batting: RHB Ryan Walker
|
0-0: Called Strike 0-1: Ground out 6-3 (Groundball, 56, EV 89.4 MPH)
|
|
Batting: RHB Sung-hwan Jung
|
0-0: Ground out 5-3 (Groundball, 56, EV 97.5 MPH)
|
|
Batting: RHB Alvaro Romero
|
0-0: Ball 1-0: Foul Ball, location: 2F 1-1: Fly out, F8 (Flyball, 8LD, EV 95.0 MPH)
|
| Bottom of the 2nd over - 0 runs, 0 hits, 0 errors, 0 left on base; Reading 0 - Tennessee 0 |
| TOP OF THE 3RD |
|
Reading Fightin Phils batting - Pitching for Tennessee Smokies : RHP Bogdan Sdobnyakov
|
|
Batting: LHB Doug Frampton
|
0-0: Ground out 6-3 (Groundball, 6, EV 104.4 MPH)
|
|
Batting: RHB Prabhukumar Santhanakrishnan
|
0-0: Called Strike 0-1: Ball 1-1: Swinging Strike 1-2: Strikes out swinging
|
|
Batting: RHB Tony Perez
|
0-0: Ball 1-0: Called Strike 1-1: Ball 2-1: SINGLE (Groundball, 6MD, EV 97.5 MPH)
|
|
Batting: RHB Chris Myers
|
0-0: Called Strike Tony Perez steals 2nd base 0-1: Ball 1-1: Ball 2-1: Foul Ball, location: 2F 2-2: Strikes out swinging
|
| Top of the 3rd over - 0 runs, 1 hit, 0 errors, 1 left on base; Reading 0 - Tennessee 0 |
| BOTTOM OF THE 3RD |
|
Tennessee Smokies batting - Pitching for Reading Fightin Phils : LHP Shirou Yoshida
|
|
Batting: RHB Eric Wiss
|
0-0: Called Strike 0-1: Ball 1-1: Ball 2-1: Foul Ball, location: 2F 2-2: Fly out, F7 (Flyball, 78M, EV 90.6 MPH)
|
|
Batting: RHB Armando Vilano
|
0-0: Ball 1-0: Called Strike 1-1: DOUBLE (Line Drive, 89D, EV 107.5 MPH)
|
|
Batting: RHB Brad Santanello
|
0-0: Foul Ball, location: 2F 0-1: Ball 1-1: Ground out U3 (Groundball, 3S, EV 83.1 MPH) Armando Vilano to third
|
|
Batting: RHB David Barnard
|
0-0: Ball 1-0: Called Strike 1-1: Called Strike 1-2: Strikes out swinging
|
| Bottom of the 3rd over - 0 runs, 1 hit, 0 errors, 1 left on base; Reading 0 - Tennessee 0 |
| TOP OF THE 4TH |
|
Reading Fightin Phils batting - Pitching for Tennessee Smokies : RHP Bogdan Sdobnyakov
|
|
Batting: RHB Alan Weller
|
0-0: Fly out, F8 (Line Drive, 8RS, EV 93.1 MPH)
|
|
Batting: RHB Guan-pei Gao
|
0-0: Called Strike 0-1: Swinging Strike 0-2: Ball 1-2: Foul Ball, location: 2F 1-2: Foul Ball, location: 2F 1-2: Ball 2-2: Ball 3-2: Foul Ball, location: 2F 3-2: Strikes out looking
|
|
Batting: RHB Pablo Lopez
|
0-0: Called Strike 0-1: Ground out 5-3 (Groundball, 56, EV 100.0 MPH)
|
| Top of the 4th over - 0 runs, 0 hits, 0 errors, 0 left on base; Reading 0 - Tennessee 0 |
| BOTTOM OF THE 4TH |
|
Tennessee Smokies batting - Pitching for Reading Fightin Phils : LHP Shirou Yoshida
|
|
Batting: RHB Sam Sours
|
0-0: TRIPLE (Flyball, 78XD, EV 99.4 MPH)
|
|
Pinch Runner at 3rd Jonathan Sotelo:
|
|
|
Batting: LHB Angel Oropeza
|
0-0: Called Strike 0-1: Swinging Strike 0-2: Foul Ball, location: 2F 0-2: Foul Ball, location: 2F 0-2: Ball 1-2: Foul Ball, location: 2F 1-2: Ball 2-2: Hit by Pitch
|
|
Batting: RHB Ryan Walker
|
0-0: Grounds into double play, 2-6-3 (Groundball, 2R, EV 73.8 MPH)
|
|
Batting: RHB Sung-hwan Jung
|
0-0: Called Strike 0-1: Fly out, F5 (Popup, 5, EV 62.5 MPH)
|
| Bottom of the 4th over - 0 runs, 1 hit, 0 errors, 1 left on base; Reading 0 - Tennessee 0 |
| TOP OF THE 5TH |
|
Reading Fightin Phils batting - Pitching for Tennessee Smokies : RHP Bogdan Sdobnyakov
|
|
Now in LF: Jonathan Sotelo
|
|
|
Now in CF: David Barnard
|
|
|
Batting: LHB Alex Fernandez
|
0-0: Called Strike 0-1: Foul Ball, location: 2F 0-2: Strikes out swinging
|
|
Batting: RHB Jose Corral
|
0-0: Called Strike 0-1: Ball 1-1: Called Strike 1-2: Ball 2-2: DOUBLE (Groundball, 5L, EV 100.0 MPH)
|
|
Batting: LHB Doug Frampton
|
0-0: Ball 1-0: Ball 2-0: Foul Ball, location: 2F 2-1: Ball 3-1: Base on Balls
|
|
Batting: RHB Prabhukumar Santhanakrishnan
|
0-0: Called Strike 0-1: Ball 1-1: Foul Ball, location: 2F 1-2: Strikes out swinging
|
|
Batting: RHB Tony Perez
|
0-0: Ball 1-0: Ball 2-0: Called Strike 2-1: Ball 3-1: Base on Balls Jose Corral to third Doug Frampton to second
|
|
Batting: RHB Chris Myers
|
0-0: Ball 1-0: Swinging Strike 1-1: Called Strike 1-2: Strikes out swinging
|
| Top of the 5th over - 0 runs, 1 hit, 0 errors, 3 left on base; Reading 0 - Tennessee 0 |
| BOTTOM OF THE 5TH |
|
Tennessee Smokies batting - Pitching for Reading Fightin Phils : LHP Shirou Yoshida
|
|
Batting: RHB Alvaro Romero
|
0-0: Ball 1-0: Called Strike 1-1: Ball 2-1: Foul Ball, location: 2F 2-2: Foul Ball, location: 2F 2-2: Ball 3-2: Base on Balls
|
|
Batting: RHB Eric Wiss
|
0-0: Swinging Strike 0-1: Ball Alvaro Romero is caught stealing 2nd base 2-4 1-1: Ball 2-1: Ground out 6-3 (Groundball, 56, EV 97.5 MPH)
|
|
Batting: RHB Armando Vilano
|
0-0: Ball 1-0: Ball 2-0: Called Strike 2-1: Ball 3-1: Ground out 3-1 (Groundball, 34, EV 90.0 MPH)
|
| Bottom of the 5th over - 0 runs, 0 hits, 0 errors, 0 left on base; Reading 0 - Tennessee 0 |
| TOP OF THE 6TH |
|
Reading Fightin Phils batting - Pitching for Tennessee Smokies : RHP Bogdan Sdobnyakov
|
|
Batting: RHB Alan Weller
|
0-0: Called Strike 0-1: Ball 1-1: Reached on error, E4 (Groundball, 4, EV 81.2 MPH)
|
|
Pitching: LHP Nate George
|
|
|
Batting: RHB Guan-pei Gao
|
0-0: Called Strike 0-1: Called Strike 0-2: Strikes out looking
|
|
Batting: RHB Pablo Lopez
|
0-0: Foul Ball, location: 2F 0-1: Foul Ball, location: 2F 0-2: Ball 1-2: Strikes out swinging
|
|
Batting: LHB Alex Fernandez
|
0-0: Ball 1-0: Foul Ball, location: 2F 1-1: Ground out 6-3 (Groundball, 6, EV 81.9 MPH)
|
| Top of the 6th over - 0 runs, 0 hits, 1 error, 1 left on base; Reading 0 - Tennessee 0 |
| BOTTOM OF THE 6TH |
|
Tennessee Smokies batting - Pitching for Reading Fightin Phils : LHP Shirou Yoshida
|
|
Batting: RHB Brad Santanello
|
0-0: Called Strike 0-1: Ground out 1-3 (Groundball, 15S, EV 70.6 MPH)
|
|
Batting: RHB David Barnard
|
0-0: Ground out U3 (Groundball, 34S, EV 85.0 MPH)
|
|
Batting: RHB Jonathan Sotelo
|
0-0: Ground out 6-3 (Groundball, 6, EV 103.1 MPH)
|
| Bottom of the 6th over - 0 runs, 0 hits, 0 errors, 0 left on base; Reading 0 - Tennessee 0 |
| TOP OF THE 7TH |
|
Reading Fightin Phils batting - Pitching for Tennessee Smokies : LHP Nate George
|
|
Batting: RHB Jose Corral
|
0-0: Swinging Strike 0-1: Called Strike 0-2: Strikes out looking
|
|
Batting: LHB Doug Frampton
|
0-0: Called Strike 0-1: Called Strike 0-2: Strikes out swinging
|
|
Batting: RHB Prabhukumar Santhanakrishnan
|
0-0: Called Strike 0-1: SINGLE (Groundball, 6MD, EV 96.9 MPH)
|
|
Batting: RHB Tony Perez
|
0-0: Ball 1-0: Foul Ball, location: 2F 1-1: Ball 2-1: Ball 3-1: Called Strike 3-2: Ground out 6-3 (Groundball, 6, EV 91.2 MPH)
|
| Top of the 7th over - 0 runs, 1 hit, 0 errors, 1 left on base; Reading 0 - Tennessee 0 |
| BOTTOM OF THE 7TH |
|
Tennessee Smokies batting - Pitching for Reading Fightin Phils : LHP Shirou Yoshida
|
|
Batting: LHB Angel Oropeza
|
0-0: Ball 1-0: Foul Ball, location: 2F 1-1: SOLO HOME RUN (Flyball, 7D, EV 101.2 MPH), Distance : 377 ft
|
|
Batting: RHB Ryan Walker
|
0-0: Called Strike 0-1: Ball 1-1: SINGLE (Line Drive, 9S, EV 91.9 MPH)
|
|
Pitching: RHP T.J. Gray
|
|
|
Batting: RHB Sung-hwan Jung
|
0-0: Foul Ball, location: 2F 0-1: Ball 1-1: Foul Ball, location: 2F 1-2: Foul Ball, location: 2F 1-2: Strikes out swinging
|
|
Batting: RHB Alvaro Romero
|
0-0: Ball 1-0: Called Strike 1-1: Ball 2-1: Fielders Choice at 2nd, 6-4 (Groundball, 56, EV 105.0 MPH)
|
|
Batting: RHB Eric Wiss
|
0-0: Called Strike 0-1: Ball 1-1: Foul Ball, location: 2F 1-2: Strikes out swinging
|
| Bottom of the 7th over - 1 run, 2 hits, 0 errors, 1 left on base; Reading 0 - Tennessee 1 |
| TOP OF THE 8TH |
|
Reading Fightin Phils batting - Pitching for Tennessee Smokies : LHP Nate George
|
|
Pitching: RHP Ryan Masterson
|
|
|
Batting: RHB Chris Myers
|
0-0: Ball 1-0: Ball 2-0: Swinging Strike 2-1: Swinging Strike 2-2: Strikes out swinging
|
|
Batting: RHB Alan Weller
|
0-0: Ball 1-0: Called Strike 1-1: Swinging Strike 1-2: Strikes out swinging
|
|
Batting: RHB Guan-pei Gao
|
0-0: Swinging Strike 0-1: Ball 1-1: Ball 2-1: Ball 3-1: Foul Ball, location: 2F 3-2: Strikes out looking
|
| Top of the 8th over - 0 runs, 0 hits, 0 errors, 0 left on base; Reading 0 - Tennessee 1 |
| BOTTOM OF THE 8TH |
|
Tennessee Smokies batting - Pitching for Reading Fightin Phils : RHP T.J. Gray
|
|
Pitching: LHP Eddie San Miguel
|
|
|
Batting: RHB Armando Vilano
|
0-0: Ball 1-0: Ground out 1-3 (Groundball, 15S, EV 71.9 MPH)
|
|
Batting: RHB Brad Santanello
|
0-0: Ball 1-0: SINGLE (Line Drive, 78S, EV 88.1 MPH)
|
|
Batting: RHB David Barnard
|
0-0: Ball 1-0: Ball Brad Santanello steals 2nd base 2-0: Swinging Strike 2-1: Swinging Strike 2-2: Foul Ball, location: 2F 2-2: Foul Ball, location: 2F 2-2: Strikes out looking
|
|
Batting: RHB Jonathan Sotelo
|
0-0: Ball 1-0: Ground out 4-3 (Groundball, 4, EV 85.6 MPH)
|
| Bottom of the 8th over - 0 runs, 1 hit, 0 errors, 1 left on base; Reading 0 - Tennessee 1 |
| TOP OF THE 9TH |
|
Reading Fightin Phils batting - Pitching for Tennessee Smokies : RHP Ryan Masterson
|
|
Batting: RHB Pablo Lopez
|
0-0: Reached on error, E6 (Groundball, 6, EV 81.2 MPH)
|
|
Batting: LHB Alex Fernandez
|
0-0: Ground out 5-3 (Groundball, 56S, EV 86.2 MPH)
|
|
Pinch Hitting: LHB Danny Zuniga
|
0-0: Ground out 4-3 (Groundball, 4, EV 79.4 MPH) Pablo Lopez to third
|
|
Batting: LHB Doug Frampton
|
0-0: Ball 1-0: Ball 2-0: Swinging Strike 2-1: Foul Ball, location: 2F 2-2: Foul Ball, location: 2F 2-2: Foul Ball, location: 2F 2-2: Strikes out looking
|
| Top of the 9th over - 0 runs, 0 hits, 1 error, 1 left on base; Reading 0 - Tennessee 1 |
|